AoeStats
← uditm999

Arena

510375047Analyzed
1v1 RM · 1d ago on Sep 30, 2026· 59m 29s· 2 players
Game mode
Random Map
Map size
Tiny (2 player)
Population
200
Speed
Normal
Resources
Standard
Victory
Conquest
Starting age
Dark Age
Ending age
Imperial Age
RankedLock teamsTeams togetherTeam positionsShared explorationLock speedFull tech treeHidden civsTurbo modeCheats
Victory
Defeat
🇮🇳 Mongols · India
778
+16
🇻🇪 Mongols · Venezuela
770
-16
rtxron99ti
11:04 Loom
12:49 Feudal Age
14:28 Wheelbarrow
17:07 Castle Age
17:18 Horse Collar
17:41 Double-Bit Axe
20:26 Gold Mining
24:37 Stone Mining
25:24 Gold Shaft Mining
26:31 Hand Cart
28:20 Stone Shaft Mining
28:17 Heavy Plow
28:29 Bow Saw
33:04 Imperial Age
31:21 Scale Barding Armor
31:27 Forging
31:07 Fletching
31:18 Padded Archer Armor
32:56 Nomads
34:37 Drill
33:37 Elite Mangudai
35:01 Chain Barding Armor
35:17 Iron Casting
34:57 Leather Archer Armor
35:16 Loom
38:10 Chemistry
37:30 Ballistics
37:09 Light Cavalry
37:51 Husbandry
38:04 Bloodlines
38:02 Bodkin Arrow
38:43 Iron Casting
41:12 Blast Furnace
41:48 Bracer
41:57 Thumb Ring
43:16 Hussar
51:47 Onager
uditm999
10:54 Feudal Age
12:15 Horse Collar
15:22 Castle Age
13:37 Double-Bit Axe
18:02 Heavy Plow
19:37 Bow Saw
21:55 Wheelbarrow
22:09 Light Cavalry
23:19 Hand Cart
24:03 Stone Mining
25:28 Stone Shaft Mining
24:45 Gold Mining
29:40 Imperial Age
27:58 Bloodlines
27:48 Husbandry
27:52 Squires
28:24 Town Watch
28:56 Masonry
28:56 Careening
28:47 Murder Holes
29:34 Forging
29:15 Fletching
29:59 Scale Barding Armor
29:55 Scale Mail Armor
30:10 Town Patrol
30:29 Loom
31:53 Ballistics
32:34 Chemistry
31:41 Siege Engineers
33:03 Gold Shaft Mining
33:49 Fortified Wall
33:22 Elite Skirmisher
33:32 Onager
34:39 Conscription
34:29 Bodkin Arrow
36:09 Bracer
36:27 Thumb Ring
36:39 Hussar
39:25 Iron Casting
39:11 Chain Barding Armor
38:52 Padded Archer Armor
40:19 Parthian Tactics
47:25 Pikeman
Connection lost

Rejoining the realm…

Still unreachable

The connection could not be restored.

Session expired

The server has moved on; the page needs a fresh start.